 Dungeon Crawl Stone Soup version 0.23.2-33-g5129a83184 (webtiles) character file.

Game seed: 17849389517389168195

1211 troglodite the Covered (level 8, 0/64 HPs)
             Began as a Gnoll Wanderer on July 3, 2019.
             Was a Follower of Qazlal.
             Splashed by a jelly's acid (8 damage)
             ... on level 6 of the Dungeon.
             The game lasted 00:23:19 (5214 turns).

troglodite the Covered (Gnoll Wanderer)             Turns: 5214, Time: 00:23:22

Health: 0/64       AC: -5    Str: 16    XL:     8   Next: 46%
Magic:  12/12      EV: 12    Int: 14    God:    Qazlal [*.....]
Gold:   259        SH:  7    Dex: 16    Spells: 13/13 levels left

rFire    . . .     SeeInvis .   z - +1 dagger (vamp)
rCold    . . .     Gourm    .   p - +0 buckler
rNeg     . . .     Faith    .   k - +0 ring mail
rPois    .         Spirit   .   (no helmet)
rElec    .         Reflect  .   (no cloak)
rCorr    .         Harm     .   B - +0 pair of gloves
MR       .....                  (no boots)
Stlth    ++........             (no amulet)
HPRegen  0.20/turn              m - +3 ring of protection
MPRegen  0.13/turn              e - +4 ring of protection

@: corroded
A: distributed training, fangs 1, strong nose
a: Renounce Religion


You were on level 6 of the Dungeon.
You worshipped Qazlal.
Qazlal was aware of your devotion.
You were not hungry.

You visited 2 branches of the dungeon, and saw 7 of its levels.

You collected 259 gold pieces.

Inventory:

Hand Weapons
 a - a +2 quarterstaff
 c - a +0 shortbow
 i - a +0 vampiric whip
 z - a +1 vampiric dagger (weapon)
Missiles
 d - 123 arrows
 r - 3 silver tomahawks (quivered)
Armour
 k - a +0 ring mail (worn)
 p - a +0 buckler (worn)
 B - a +0 pair of gloves (worn)
Jewellery
 e - a +4 ring of protection (right hand)
 m - a +3 ring of protection (left hand)
 D - an uncursed ring of see invisible
Wands
 C - a wand of paralysis (2)
Scrolls
 g - 6 scrolls of identify
 j - 4 scrolls of remove curse {unknown}
 l - a scroll of enchant weapon {unknown}
 n - a scroll of random uselessness {unknown}
 q - a scroll of immolation {unknown}
 u - 3 scrolls of amnesia {unknown}
 y - 3 scrolls of teleportation {unknown}
 A - a scroll of magic mapping {unknown}
 E - a scroll of blinking {unknown}
Potions
 b - 4 potions of curing
 h - a potion of heal wounds
 o - a potion of cancellation
 s - 2 potions of berserk rage
 t - a potion of ambrosia
 v - a potion of invisibility {unknown}
 w - a potion of flight
 x - 2 potions of agility
Comestibles
 f - 4 rations
 F - 4 chunks of flesh


   Skills:
 + Level 5.6 Fighting
 + Level 3.2 Short Blades
 + Level 3.2 Long Blades
 + Level 3.2 Axes
 + Level 3.2 Maces & Flails
 + Level 3.2 Polearms
 + Level 5.6 Staves
 + Level 3.2 Slings
 + Level 4.2 Bows
 + Level 3.2 Crossbows
 + Level 3.2 Throwing
 + Level 7.3 Armour
 + Level 3.2 Dodging
 + Level 3.2 Stealth
 + Level 4.2 Shields
 + Level 3.2 Unarmed Combat
 + Level 3.2 Spellcasting
 + Level 2.6 Conjurations
 + Level 2.6 Hexes
 + Level 2.6 Charms
 + Level 2.6 Summonings
 + Level 2.6 Necromancy
 + Level 2.6 Translocations
 + Level 2.6 Transmutations
 + Level 2.6 Fire Magic
 + Level 2.6 Ice Magic
 + Level 2.6 Air Magic
 + Level 2.6 Earth Magic
 + Level 2.6 Poison Magic
 + Level 3.5 Invocations
 + Level 4.2 Evocations


You had 13 spell levels left.
You didn't know any spells.
Your spell library was empty.

Dungeon Overview and Level Annotations

Branches:
Dungeon (6/15)             Temple (1/1) D:4

Altars:
Ashenzari
Cheibriados
Fedhas
Gozag
Hepliaklqana
Kikubaaqudgha
Nemelex Xobeh
Qazlal
Sif Muna
Uskayaw
Vehumet
Xom
Yredelemnul
Zin
The Shining One


Innate Abilities, Weirdness & Mutations

Your experience applies equally to all skills.
You have very sharp teeth.
Your uncanny sense of smell can sniff out nearby items.


Message History

You hit the jelly but do no damage. The acid corrodes you!
Your hands burn!
You bite the jelly, but do no damage.
The jelly is heavily wounded.
You block the jelly's attack.
You hit the jelly but do no damage.
Your hands burn!
The jelly is heavily wounded.
The jelly hits you.
You are splashed with acid!
* * * LOW HITPOINT WARNING * * *
You hit the jelly.
You feel better.
Your hands burn!
* * * LOW HITPOINT WARNING * * *
You bite the jelly, but do no damage.
The jelly is heavily wounded.
You block the jelly's attack.
You hit the jelly but do no damage. The acid corrodes you!
Your hands burn!
* * * LOW HITPOINT WARNING * * *
The jelly is heavily wounded.
The jelly hits you.
* * * LOW HITPOINT WARNING * * *
The acid corrodes you!
You are splashed with acid!
You die...

..# #.#...#. #+ #.#
#.#...#. #. #.# #.#...#.
#. #####.###.#...#. #.
#......##.#...#. #.
#......##.#...#. # #.
#......##.#...#.
#...##.##).....##.#...##
......J@..............>.
#...##.##.###.###.#....#
. #. #.# #.###.#.#..# #.
#.# #.#........# #. #.#
#.#.#.#.#..# #. #.#
#.#...#.#..# #. #.#
#.#.#.#.#.## #. .#
#.#.#.#.#.# #.#.#.#.#.#


You could see a jelly.

Vanquished Creatures
  Menkaure (D:4)
  A phantom (D:4)
  3 ogres
  2 scorpions
  A howler monkey (D:4)
  2 crimson imps
  A hound (D:4)
  An orc priest (D:5)
  A bullfrog skeleton (D:5)
  5 orc wizards
  2 worker ants
  2 hound skeletons (D:4)
  13 adders
  An ooze (D:2)
  An adder zombie (D:5)
  3 worms
  3 leopard geckos
  18 orcs
  2 ball pythons (D:3)
  4 bats
  7 giant cockroaches
  12 goblins
  7 hobgoblins
  3 jackals (D:3)
  3 quokkas
  12 frilled lizards
  6 kobolds
  A quokka skeleton (D:5)
  4 rats
  A plant (Temple)
123 creatures vanquished.

Vanquished Creatures (others)
  An orc wizard (D:5)
1 creature vanquished.

Grand Total: 124 creatures vanquished

Notes
Turn   | Place    | Note
-------+----------+-------------------------------------------
     0 | D:1      | troglodite the Gnoll Wanderer began the quest for the Orb.
     0 | D:1      | troglodite set off with the following items: a +2
                  | quarterstaff, a potion of curing, a +0 shortbow, 27 arrows,
                  | a +0 robe, a ration
     0 | D:1      | Reached XP level 1. HP: 20/20 MP: 2/2
   160 | D:1      | Reached XP level 2. HP: 26/26 MP: 3/3
   698 | D:2      | Reached XP level 3. HP: 29/31 MP: 4/4
   740 | D:2      | Reached skill level 1 in Invocations
  1034 | D:2      | Found an opulent altar of Gozag.
  1131 | D:2      | Reached skill level 1 in Short Blades
  1131 | D:2      | Reached skill level 1 in Long Blades
  1131 | D:2      | Reached skill level 1 in Axes
  1131 | D:2      | Reached skill level 1 in Maces & Flails
  1131 | D:2      | Reached skill level 1 in Polearms
  1131 | D:2      | Reached skill level 1 in Slings
  1131 | D:2      | Reached skill level 1 in Crossbows
  1131 | D:2      | Reached skill level 1 in Throwing
  1131 | D:2      | Reached skill level 1 in Dodging
  1131 | D:2      | Reached skill level 1 in Stealth
  1131 | D:2      | Reached skill level 1 in Unarmed Combat
  1131 | D:2      | Reached skill level 1 in Spellcasting
  1131 | D:2      | Reached XP level 4. HP: 29/38 MP: 4/6
  1549 | D:3      | Reached skill level 1 in Conjurations
  1549 | D:3      | Reached skill level 1 in Hexes
  1549 | D:3      | Reached skill level 1 in Charms
  1549 | D:3      | Reached skill level 1 in Summonings
  1549 | D:3      | Reached skill level 1 in Necromancy
  1549 | D:3      | Reached skill level 1 in Translocations
  1549 | D:3      | Reached skill level 1 in Transmutations
  1549 | D:3      | Reached skill level 1 in Fire Magic
  1549 | D:3      | Reached skill level 1 in Ice Magic
  1549 | D:3      | Reached skill level 1 in Air Magic
  1549 | D:3      | Reached skill level 1 in Earth Magic
  1549 | D:3      | Reached skill level 1 in Poison Magic
  1727 | D:3      | Reached XP level 5. HP: 38/43 MP: 7/7
  1952 | D:3      | Found a snail-covered altar of Cheibriados.
  2293 | D:4      | Noticed Menkaure
  2293 | D:4      | Noticed a phantom
  2378 | D:4      | Noticed an ogre
  2391 | D:3      | Killed an ogre
  2391 | D:3      | Reached XP level 6. HP: 46/50 MP: 8/8
  2648 | D:4      | Killed a phantom
  2648 | D:4      | Reached skill level 5 in Fighting
  2648 | D:4      | Reached skill level 5 in Staves
  2664 | D:4      | Found a radiant altar of Vehumet.
  2671 | D:4      | Found an ancient bone altar of Kikubaaqudgha.
  2737 | D:4      | Found a staircase to the Ecumenical Temple.
  2751 | Temple   | Entered the Ecumenical Temple
  2796 | Temple   | Became a worshipper of Qazlal Stormbringer
  3034 | D:4      | Reached XP level 7. HP: 53/56 MP: 10/10
  3114 | D:4      | Found a glowing golden altar of the Shining One.
  3131 | D:4      | Reached skill level 7 in Armour
  3273 | D:4      | Killed Menkaure
  3593 | D:5      | Entered Level 5 of the Dungeon
  3627 | D:5      | Paralysed by an orc for 2 turns
  3674 | D:5      | Reached XP level 8. HP: 52/63 MP: 12/12
  3694 | D:5      | Reached * piety under Qazlal
  3833 | D:5      | HP: 3/63 [orc priest/divine providence (12)]
  5214 | D:6      | Splashed by a jelly's acid

Skill      XL: |  1  2  3  4  5  6  7  8 |
---------------+-------------------------+-----
Invocations    | 1 2 3 |  3.5
Short Blades   | 1 2 3 |  3.2
Long Blades    | 1 2 3 |  3.2
Axes           | 1 2 3 |  3.2
Maces & Flails | 1 2 3 |  3.2
Polearms       | 1 2 3 |  3.2
Slings         | 1 2 3 |  3.2
Crossbows      | 1 2 3 |  3.2
Throwing       | 1 2 3 |  3.2
Dodging        | 1 2 3 |  3.2
Stealth        | 1 2 3 |  3.2
Unarmed Combat | 1 2 3 |  3.2
Spellcasting   | 1 2 3 |  3.2
Conjurations   | 1 2 |  2.6
Hexes          | 1 2 |  2.6
Charms         | 1 2 |  2.6
Summonings     | 1 2 |  2.6
Necromancy     | 1 2 |  2.6
Translocations | 1 2 |  2.6
Transmutations | 1 2 |  2.6
Fire Magic     | 1 2 |  2.6
Ice Magic      | 1 2 |  2.6
Air Magic      | 1 2 |  2.6
Earth Magic    | 1 2 |  2.6
Poison Magic   | 1 2 |  2.6
Bows           | 3 4 |  4.2
Shields        | 3 4 |  4.2
Evocations     | 3 4 |  4.2
Fighting       | 5 |  5.6
Staves         | 5 |  5.6
Armour         | 7 |  7.3

Action                   |  1- 3 |  4- 6 |  7- 9 || total
-------------------------+-------+-------+-------++-------
Melee: Quarterstaff      |    77 |   157 |   133 ||   367
       Bite              |     2 |    16 |    45 ||    63
       Dagger            |       |       |   208 ||   208
  Use: Scroll            |       |     4 |     3 ||     7
       Potion            |       |       |     1 ||     1
  Eat: Chunk             |       |     7 |     5 ||    12
       Ration            |       |       |     2 ||     2
Armor: Robe              |     1 |       |       ||     1
       Ring mail         |    27 |    50 |   136 ||   213
Dodge: Dodged            |    41 |    90 |   158 ||   289
Block: Buckler           |       |       |    42 ||    42
       Other             |       |       |     3 ||     3
